Map: [ESL] Dragon Scales

Players

MaxPax - Winner!

  • Race: Protoss Protoss
  • Spawn Location: 11:00

Lambo

  • Race: Zerg Zerg
  • Spawn Location: 5:00

Event: ESL SC2 Masters 2023 Summer (Regionals)

VOD

Have the link to the VOD?

Description

Time

  • Played on: May 12, 2023, 10:30 a.m.
  • Length: 15:54

All games in this series

Show
View Real Time Build Order
Export as new Build Order

MaxPax Protoss - Winner!

Build Orders: 1 Gate Expand, Oracle Opening 

Get SALT Encoding   

  12  0:00  Probe  
  13  0:12  Probe  
  14  0:20  Pylon  
  14  0:24  Probe  
  15  0:38  Probe (Chrono Boost)  
  15  0:42  Gateway  
  16  0:48  Probe (Chrono Boost)  
  16  0:49  Assimilator  
  17  0:53  Probe (Chrono Boost)  
  18  1:04  Probe  
  19  1:17  Probe  
  20  1:28  Cybernetics Core  
  20  1:37  Nexus  
  20  1:39  Probe  
  21  1:46  Pylon  
  21  1:51  Probe  
  21  1:53  Assimilator  
  22  2:01  Adept (Chrono Boost)  
  22  2:04  Probe  
  25  2:16  Probe  
  25  2:22  Adept (Chrono Boost)  
  26  2:28  Probe  
  29  2:31  Stargate  
  29  2:39  Warp Gate  
  29  2:40  Probe  
  30  2:48  Adept  
  30  2:49  Probe (Chrono Boost)  
  33  2:56  Probe (Chrono Boost)  
  34  3:01  Probe (Chrono Boost)  
  36  3:07  Probe x2 (Chrono Boost)  
  37  3:16  Probe x2  
  37  3:18  Oracle (Chrono Boost)  
  42  3:28  Probe x2  
  44  3:35  Pylon  
  44  3:40  Probe x2  
  46  3:44  Gateway  
  46  3:51  Oracle (Chrono Boost)  
  46  3:53  Probe x2  
  51  4:01  Nexus  
  51  4:02  Pylon  
  49  4:16  Probe  
  50  4:22  Oracle (Chrono Boost)  
  48  4:26  Probe  
  48  4:28  Probe  
  53  4:31  Assimilator  
  53  4:32  Assimilator  
  53  4:33  Twilight Council  
  53  4:34  Forge  
  53  4:36  Pylon  
  53  4:38  Probe, Adept  
  55  4:40  Adept  
  55  4:41  Probe  
  59  4:53  Probe, Gateway x2  
  59  4:55  Pylon  
  61  5:00  Probe  
  61  5:04  Protoss Ground Weapons Level 1 (Chrono Boost)  
  61  5:05  Probe  
  61  5:06  Stalker  
  61  5:07  Adept  
  66  5:12  Probe (Chrono Boost)  
  66  5:13  Probe (Chrono Boost)  
  68  5:14  Blink (Chrono Boost)  
  69  5:26  Probe (Chrono Boost)  
  70  5:30  Probe (Chrono Boost)  
  70  5:31  Probe (Chrono Boost)  
  70  5:35  Probe (Chrono Boost)  
  72  5:36  Probe (Chrono Boost)  
  72  5:37  Probe (Chrono Boost)  
  72  5:39  Gateway  
  72  5:42  Gateway  
  74  5:45  Probe  
  75  5:51  Probe x2  
  75  5:56  Forge  
  77  5:57  Probe  
  77  5:59  Pylon  
  77  6:01  Stalker x2, Shield Battery  
  82  6:06  Stalker x2  
  82  6:08  Probe  
  87  6:12  Probe  
  87  6:14  Probe  
  89  6:20  Probe  
  89  6:24  Probe  
  91  6:26  Probe  
  93  6:35  Protoss Ground Armor Level 1 (Chrono Boost)  
  93  6:38  Stalker x5  
  99  6:40  Stalker  
  99  6:46  Photon Cannon  
  96  6:53  Pylon  
  96  6:54  Nexus  
  96  6:55  Pylon  
  96  6:57  Pylon  
  96  6:58  Protoss Ground Weapons Level 2 (Chrono Boost)  
  96  7:01  Stalker  
  98  7:05  Charge (Chrono Boost)  
  98  7:15  Stalker x5  
  108  7:19  Probe  
  108  7:22  Probe x2  
  111  7:31  Probe, Stalker  
  111  7:34  Probe  
  112  7:39  Stalker x2  
  112  7:40  Stalker x3  
  112  7:43  Probe  
  123  7:46  Robotics Facility  
  122  7:54  Probe  
  122  7:58  Probe  
  124  8:02  Photon Cannon  
  124  8:03  Pylon  
  124  8:05  Probe  
  123  8:13  Zealot, Gateway  
  123  8:14  Zealot x5  
  123  8:15  Gateway  
  123  8:16  Probe  
  123  8:18  Pylon  
  136  8:21  Probe  
  136  8:23  Probe  
  136  8:24  Protoss Ground Armor Level 2 (Chrono Boost)  
  136  8:25  Probe  
  133  8:28  Probe  
  133  8:33  Probe  
  125  8:38  Probe  
  126  8:44  Stalker x6  
  132  8:49  Probe  
  132  8:50  Warp Prism (Chrono Boost)  
  132  8:51  Probe  
  132  8:52  Probe x2  
  130  9:01  Probe  
  131  9:03  Probe  
  120  9:15  Stalker x8  
  134  9:19  Observer (Chrono Boost)  
  133  9:31  Pylon  
  129  9:39  Stalker x2  
  129  9:40  Stalker x4  
  129  9:41  Zealot x2  
  145  9:46  Nexus  
  145  9:51  Probe, Protoss Ground Weapons Level 3 (Chrono Boost)  
  145  9:52  Probe  
  147  9:53  Photon Cannon  
  143  10:00  Photon Cannon  
  143  10:06  Zealot x4  
  149  10:10  Zealot x2  
  149  10:12  Zealot  
  155  10:16  Zealot  
  136  10:28  Zealot x4  
  136  10:36  Stalker x3  
  136  10:41  Probe  
  133  10:45  Probe x3  
  136  10:53  Probe  
  137  11:00  Photon Cannon  
  137  11:01  Zealot x3  
  137  11:02  Zealot  
  137  11:03  Zealot x2  
  147  11:12  Zealot x2  
  147  11:13  Probe x2  
  147  11:15  Probe  
  147  11:16  Probe  
  145  11:26  Zealot x5  
  132  11:32  Stalker x2  
  132  11:33  Stalker  
  135  11:48  Zealot x5  
  133  11:55  Probe  
  133  11:57  Zealot x3  
  106  12:08  Probe  
  106  12:11  Zealot x5  
  104  12:23  Probe  
  104  12:26  Probe x2  
  104  12:28  Probe, Templar Archives  
  104  12:29  Probe  
  109  12:31  Pylon  
  109  12:36  Probe  
  110  12:42  Stalker  
  110  12:43  Zealot x3  
  116  12:44  Zealot  
  116  12:46  Probe  
  118  12:53  Stalker  
  119  13:04  Stalker x4  
  98  13:28  High Templar x6  
  98  13:29  High Templar x2  
  98  13:30  Probe  
  98  13:31  Probe  
  98  13:34  Archon x4  
  108  13:39  Probe x2  
  106  13:42  Probe  
  106  13:43  Probe  
  108  13:51  Probe  
  109  14:00  Zealot  
  109  14:01  Zealot x6  
  123  14:05  High Templar x4  
  123  14:06  Zealot x4  
  123  14:09  Archon x2  
  125  14:15  Probe  
  118  14:25  Probe  
  118  14:27  Probe  
  118  14:29  Probe  
  113  14:33  Zealot x4  
  113  14:36  Probe  
  113  14:37  Photon Cannon  
  122  14:42  Zealot x4  
  122  14:44  Probe  
  131  15:06  Zealot x8  
  139  15:07  Probe  
  121  15:29  Zealot x5  
  128  15:40  Probe  
  128  15:41  Zealot x2  
  128  15:42  Zealot  
Show
View Real Time Build Order
Export as new Build Order

Lambo Zerg 

Build Orders: Pool First 

Get SALT Encoding   

  12  0:00  Drone  
  13  0:12  Overlord  
  13  0:17  Drone  
  14  0:30  Drone x2  
  14  0:33  Drone  
  17  0:43  Spawning Pool  
  16  0:55  Drone  
  17  1:09  Hatchery  
  16  1:11  Drone  
  16  1:16  Extractor  
  16  1:17  Drone  
  17  1:23  Drone  
  18  1:30  Zergling x2  
  19  1:34  Queen  
  21  1:40  Overlord  
  21  1:51  Drone  
  22  1:59  Drone  
  23  2:09  Queen  
  23  2:12  Drone  
  26  2:21  Hatchery  
  25  2:25  Drone x2  
  27  2:32  Metabolic Boost  
  27  2:36  Drone  
  28  2:38  Zergling x2  
  28  2:43  Drone  
  30  2:45  Drone  
  30  2:47  Drone  
  30  2:51  Drone  
  33  2:54  Queen  
  35  2:59  Overlord  
  35  3:02  Drone  
  36  3:16  Queen  
  36  3:20  Drone x5  
  36  3:23  Drone x2  
  42  3:35  Spore Crawler  
  42  3:38  Spore Crawler  
  44  3:41  Zergling x4  
  44  3:43  Queen  
  44  3:45  Spore Crawler  
  44  3:48  Drone x4  
  49  3:53  Spore Crawler  
  49  3:54  Overlord  
  48  3:56  Overlord  
  48  3:58  Drone  
  48  4:00  Drone  
  48  4:10  Drone  
  48  4:11  Overlord, Spore Crawler  
  48  4:14  Drone x3, Evolution Chamber  
  48  4:15  Drone  
  52  4:21  Spore Crawler  
  50  4:25  Drone x6  
  50  4:28  Drone  
  50  4:30  Evolution Chamber  
  57  4:32  Drone x2  
  57  4:38  Zergling x4  
  61  4:40  Drone  
  62  4:47  Roach Warren  
  62  4:48  Drone x3  
  62  4:51  Queen  
  66  4:54  Drone  
  66  4:58  Hatchery  
  66  5:00  Drone x2  
  68  5:07  Zerg Melee Weapons Level 1  
  68  5:08  Zergling x2  
  68  5:09  Zergling x8  
  68  5:10  Spore Crawler  
  68  5:13  Zergling x4  
  74  5:22  Overlord  
  74  5:23  Extractor, Overlord  
  74  5:24  Overlord x2  
  74  5:26  Overlord  
  73  5:31  Overlord  
  73  5:32  Overlord  
  73  5:34  Overlord  
  72  5:37  Overlord  
  72  5:38  Overlord  
  72  5:39  Overlord  
  72  5:40  Overlord  
  72  5:41  Drone x2  
  74  5:50  Drone x4  
  74  5:51  Drone x2  
  74  5:52  Lair  
  80  5:59  Drone x6  
  80  6:01  Drone  
  80  6:02  Drone  
  80  6:03  Extractor  
  86  6:06  Drone  
  86  6:10  Zergling x2, Baneling Nest  
  87  6:14  Zergling x6  
  90  6:22  Queen  
  90  6:23  Extractor, Queen  
  93  6:26  Zergling x8  
  93  6:32  Zergling x10  
  99  6:37  Drone x5  
  102  6:42  Drone x3  
  102  6:44  Drone  
  106  6:52  Overlord, Spore Crawler  
  105  6:55  Zergling x10  
  105  6:58  Hatchery  
  105  6:59  Zergling x8  
  112  7:04  Drone x2, Glial Reconstitution  
  112  7:08  Baneling x5  
  114  7:09  Zerg Melee Weapons Level 2  
  114  7:13  Drone x3  
  117  7:17  Zergling x6  
  115  7:30  Zergling x18  
  115  7:36  Zergling x14  
  125  7:42  Roach x3  
  131  7:45  Roach  
  128  7:51  Zergling x4  
  128  7:58  Zergling x14  
  128  7:59  Baneling x5  
  128  8:02  Roach x8  
  128  8:05  Roach x2  
  148  8:10  Roach  
  146  8:13  Zergling x4  
  146  8:18  Zergling x4  
  149  8:22  Zergling x8  
  149  8:26  Zergling x12  
  144  8:33  Zergling x10  
  144  8:34  Zergling x2  
  131  8:36  Zergling x4  
  131  8:39  Zergling x4  
  131  8:40  Zergling x4  
  135  8:48  Zergling x4  
  128  8:50  Roach  
  128  8:51  Roach x4, Queen  
  128  8:53  Zergling x4  
  139  8:55  Centrifugal Hooks  
  139  9:01  Baneling x7  
  137  9:04  Zergling x2  
  137  9:05  Zergling x8  
  134  9:14  Zergling x14  
  134  9:15  Zergling x6  
  134  9:16  Spore Crawler  
  138  9:18  Baneling x5  
  138  9:19  Ravager  
  138  9:20  Zergling x14  
  138  9:21  Ravager x2  
  148  9:26  Zergling x2  
  148  9:27  Zergling x8  
  148  9:29  Spine Crawler  
  151  9:37  Zergling x10  
  151  9:40  Zerg Missile Weapons Level 1  
  151  9:41  Zergling x12  
  155  9:46  Zergling x4  
  155  9:47  Baneling x9  
  155  9:48  Zergling x8  
  158  9:54  Zergling x10  
  158  9:58  Zergling x4  
  163  10:03  Zergling x6  
  161  10:10  Roach x2  
  166  10:21  Roach x5  
  166  10:23  Zergling x10  
  166  10:24  Overlord x2  
  166  10:25  Overlord  
  162  10:28  Overlord  
  162  10:33  Zergling x2  
  154  10:38  Zergling x10  
  154  10:41  Zergling x2  
  155  10:43  Zergling x18  
  155  10:45  Overlord  
  155  10:48  Zergling x10  
  168  10:51  Baneling x4  
  168  10:52  Zergling x2  
  168  10:53  Zergling x2  
  170  11:00  Zergling x8  
  172  11:04  Baneling x10  
  172  11:08  Zergling x8  
  172  11:11  Zergling x2  
  163  11:19  Zergling x12  
  163  11:24  Zergling x10  
  153  11:28  Zergling x2  
  153  11:29  Zergling x2  
  132  11:33  Zergling x2  
  132  11:36  Roach  
  132  11:37  Roach x2  
  132  11:40  Queen x2  
  132  11:42  Zergling x8  
  132  11:43  Queen x2  
  141  11:49  Roach  
  141  11:50  Roach x7  
  143  11:55  Roach x2  
  129  12:05  Roach x4  
  129  12:07  Queen  
  126  12:09  Zergling x2  
  126  12:13  Zergling x10  
  118  12:16  Queen  
  118  12:17  Zergling x6  
  118  12:18  Baneling x3  
  118  12:23  Zergling x4  
  118  12:29  Zergling x6  
  123  12:32  Baneling x5  
  123  12:33  Zergling x4  
  125  12:38  Roach x3  
  125  12:41  Queen, Spine Crawler  
  125  12:43  Baneling x6, Zergling x4  
  134  12:47  Queen, Zergling x2  
  137  12:52  Zergling x10  
  137  12:57  Zergling x16  
  146  13:04  Zergling x6  
  141  13:10  Roach x2  
  125  13:14  Zergling x4  
  125  13:16  Queen x2  
  115  13:20  Zergling x12  
  115  13:24  Zergling x4  
  117  13:27  Zergling x4  
  117  13:33  Zergling x6  
  105  13:40  Roach x3  
  106  13:42  Zergling x2  
  106  13:43  Zergling x2  
  108  13:49  Zergling x6  
  108  13:53  Zergling x4  
  113  13:59  Roach x2  
  113  14:02  Roach x4  
  123  14:05  Roach x2  
  123  14:07  Zergling x6  
  130  14:12  Zergling x4  
  132  14:18  Zergling x6  
  132  14:22  Zergling x4  
  123  14:30  Drone x6  
  119  14:34  Zergling x18  
  129  14:38  Zergling x8  
  129  14:39  Ravager x2  
  129  14:42  Zergling x6  
  129  14:43  Ravager  
  137  14:49  Roach x2  
  139  14:53  Roach x2  
  139  14:58  Roach x2  
  141  15:02  Zergling x4  
  141  15:06  Zergling x2  
  132  15:15  Zergling x12  
  132  15:17  Baneling, Ravager  
  133  15:25  Zergling x8  
  133  15:26  Zergling x4  
  133  15:28  Zergling x2  
  110  15:31  Zergling x6  
  102  15:35  Roach x2  
Tags
 
Add a new tag
Caveats
  • Supply blocks, unpowered buildings, or Contaminate may cause inaccurate times.
  • Supply counts are checked every 10 seconds.